 Dungeon Crawl Stone Soup version 0.27.1-3-gb3d3a73c9e (webtiles) character file.

Game seed: 11018290381871104027

1107 Crownlay the Magician (level 8, -19/60 HPs)
             Began as a Gnoll Wanderer on Oct 17, 2021.
             Demolished by a two-headed ogre (31 damage)
             ... on level 5 of the Dungeon.
             The game lasted 00:10:07 (7867 turns).

Crownlay the Magician (Gnoll Wanderer)              Turns: 7867, Time: 00:10:08

Health: -19/60     AC:  7    Str: 11    XL:     8   Next: 33%
Magic:  7/17       EV: 20    Int: 14    God:
Gold:   280        SH:  0    Dex: 12    Spells: 15/19 levels left

rFire    . . .     SeeInvis .   t - +2 spear (vorpal)
rCold    . . .     Faith    .   (no shield)
rNeg     . . .     Spirit   .   j - +2 animal skin
rPois    .         Reflect  .   k - +0 helmet
rElec    .         Harm     .   (no cloak)
rCorr    .         Rampage  .   q - +0 pair of gloves
Will     .....                  d - +0 pair of boots
Stlth    ++........             (no amulet)
HPRegen  0.20/turn              i - +4 ring of evasion
MPRegen  0.15/turn              y - +4 ring of evasion

@: no status effects
A: fangs 1, strong nose, distributed training
a: no special abilities


You were on level 5 of the Dungeon.
You visited 1 branch of the dungeon, and saw 5 of its levels.

You collected 280 gold pieces.

Inventory:

Hand Weapons
 a - a +2 dagger
 t - a +2 vorpal spear (weapon)
Missiles
 g - 36 poisoned darts
Armour
 d - a +0 pair of boots (worn)
 j - a +2 animal skin (worn)
 k - a +0 helmet (worn)
 q - a +0 pair of gloves (worn)
Magical Staves
 o - a staff of conjuration
 B - a staff of death
Jewellery
 i - a +4 ring of evasion (left hand)
 y - a +4 ring of evasion (right hand)
Wands
 z - a wand of paralysis (7)
Scrolls
 e - a scroll of immolation {unknown}
 f - 2 scrolls of teleportation {unknown}
 h - 2 scrolls of torment
 l - 2 scrolls of identify {unknown}
 n - a scroll of fear {unknown}
 p - a scroll of brand weapon {unknown}
 w - 3 scrolls of magic mapping {unknown}
 x - 2 scrolls of fog {unknown}
 A - a scroll of enchant weapon {unknown}
 C - 2 scrolls of silence {unknown}
Potions
 b - 3 potions of mutation {unknown}
 c - 5 potions of curing
 m - 2 potions of attraction {unknown}
 r - a potion of ambrosia {unknown}
 s - a potion of heal wounds {unknown}
 u - 2 potions of flight {unknown}
 v - a potion of cancellation {unknown}


   Skills:
 + Level 4.1 Fighting
 + Level 3.1 Short Blades
 + Level 3.1 Long Blades
 + Level 3.1 Axes
 + Level 3.1 Maces & Flails
 + Level 3.1 Polearms
 + Level 5.6 Staves
 + Level 3.1 Slings
 + Level 3.1 Bows
 + Level 3.1 Crossbows
 + Level 4.1 Throwing
 + Level 3.1 Armour
 + Level 3.1 Dodging
 + Level 3.1 Stealth
 + Level 3.1 Shields
 + Level 3.1 Unarmed Combat
 + Level 6.0 Spellcasting
 + Level 3.4 Conjurations
 + Level 2.5 Hexes
 + Level 2.5 Summonings
 + Level 2.5 Necromancy
 + Level 2.5 Translocations
 + Level 2.5 Transmutations
 + Level 4.6 Fire Magic
 + Level 2.5 Ice Magic
 + Level 2.5 Air Magic
 + Level 2.5 Earth Magic
 + Level 2.5 Poison Magic
 + Level 3.5 Invocations
 + Level 4.1 Evocations


You had 15 spell levels left.
You knew the following spells:

 Your Spells              Type           Power      Damage    Failure   Level
a - Magic Dart            Conj           52%        1d5       4%          1
b - Mephitic Cloud        Conj/Pois/Air  12%        N/A       14%         3

Your spell library contained the following spells:

 Spells                   Type           Power      Damage    Failure   Level
 Sublimation of Blood     Necr           5%         N/A       9%          2
 Wereblood                Tmut           11%        N/A       9%          2
 Call Canine Familiar     Summ           11%        N/A       17%         3
 Portal Projectile        Hex/Tloc       22%        N/A       17%         3
 Leda's Liquefaction      Hex/Erth       5%         N/A       50%         4
 Petrify                  Tmut/Erth      11%        N/A       50%         4
 Metabolic Englaciation   Hex/Ice        5%         N/A       83%         5
 Statue Form              Tmut/Erth      7%         N/A       100%        6
 Summon Hydra             Summ           5%         N/A       100%        7


Dungeon Overview and Level Annotations

Branches:
Dungeon (5/15)
 Temple: D:4-7

Altars:
Dithmenos
Ru
Trog
Beogh

Shops:
D:1 [?[=

Annotations:
D:5 3 runed translucent doors, hurston's ghost, amateur GrFi


Innate Abilities, Weirdness & Mutations

You have very sharp teeth.
Your uncanny sense of smell can sniff out nearby items.
Your experience applies equally to all skills.


Message History

The two-headed ogre is moderately wounded.
The magic dart hits the two-headed ogre.
The two-headed ogre is moderately wounded.
You miscast Magic Dart.
You are very lightly contaminated with residual magic.
Nothing appears to happen.
Casting: Magic Dart (safe; 4% risk of failure)
Confirm with . or Enter, or press ? or * to list all spells.
You don't have enough magic to cast this spell.
The magic dart hits the two-headed ogre but does no damage.
The two-headed ogre is moderately wounded.
The two-headed ogre seems less confused.
You hit the two-headed ogre.
The two-headed ogre is moderately wounded.
The two-headed ogre barely misses you. The two-headed ogre closely misses you.
You hit the two-headed ogre.
The two-headed ogre is heavily wounded.
The two-headed ogre hits you with a +0 giant spiked club!!
Ouch! That really hurt!
* * * LOW HITPOINT WARNING * * *
The two-headed ogre completely misses you.
You barely miss the two-headed ogre.
The two-headed ogre is heavily wounded.
Your magical contamination has completely faded away.
There is an open door here.
Aiming: Magic Dart (safe; 4% risk of failure)
Press: ? - help, Q - select action, (/) - cycle Shift-Dir - straight line, f/p - two-headed ogre
Aim: a two-headed ogre, wielding two +0 giant spiked clubs (moderately wounded, 100% to hit)
You can't see any item there.
Okay, then.
There is an open door here.
Throw: 37 darts (poison)
Press: ? - help, Shift-Dir - straight line, f/p - two-headed ogre
Aim: a two-headed ogre, wielding two +0 giant spiked clubs (lightly wounded, 76% to hit)
You throw a poisoned dart.
The poisoned dart hits the two-headed ogre.
The two-headed ogre is lightly wounded.
The two-headed ogre hits you with a +0 giant spiked club!!
Ouch! That really hurt!
You die...

#.......# #.......#.ooo#####
#.......#####.##....#.###.oooo
#...........#.###...#.#8#o.8..
#........##.#.......#.........
####........##.#####.###8...)[_∆.
...............>.......##########
[.......................##.##....
....[...................##.##....
................@.......##.##....
.................O......'..##....
........................#####....
............#######'##### #####
.........#### #.# #...
...........########.# #.##
.........#.#........# #.#
.........#.+........##########.#
...........#...................#


You could see a two-headed ogre.

Vanquished Creatures
  2 black bears (D:5)
  2 ogres (D:4)
  2 phantoms (D:5)
  2 scorpions (D:5)
  A howler monkey (D:5)
  A centaur skeleton (D:4)
  A gnoll shaman (D:5)
  A jelly (D:5)
  A hound (D:5)
  Jessica (D:2)
  A scorpion zombie (D:3)
  3 iguanas
  Robin (D:1)
  9 gnolls
  4 adders
  An ufetubus (D:5)
  An adder skeleton (D:4)
  A worm (D:4)
  2 dart slugs
  2 orcs (D:3)
  4 ball pythons
  2 endoplasms
  4 giant cockroaches
  16 goblins
  12 hobgoblins
  5 jackals (D:1)
  3 quokkas
  5 bats
  5 frilled lizards
  9 kobolds
104 creatures vanquished.

Notes
Turn   | Place    | Note
-------+----------+-------------------------------------------
     0 | D:1      | Crownlay the Gnoll Wanderer began the quest for the Orb.
     0 | D:1      | Crownlay set off with the following items: a +2 dagger, a
                  | curare-tipped dart, a potion of curing, a +0 robe; and the
                  | following spell memorised: Magic Dart; and the following
                  | spells available to memorise: Mephitic Cloud
     0 | D:1      | Reached XP level 1. HP: 17/17 MP: 6/6
    34 | D:1      | Found Yduemio's Antique Armour Shop.
   140 | D:1      | Found Pecoonee's Magic Scroll Shop.
   155 | D:1      | Reached XP level 2. HP: 23/23 MP: 4/7
   281 | D:1      | Found Padiqouwk's Jewellery Boutique.
   556 | D:1      | Found Vaibesoc's Antique Armour Shoppe.
   659 | D:1      | Reached XP level 3. HP: 22/28 MP: 3/9
   825 | D:1      | Reached skill level 5 in Spellcasting
  1476 | D:2      | Reached skill level 1 in Invocations
  1480 | D:2      | Learned a level 3 spell: Mephitic Cloud
  1623 | D:2      | Noticed Robin
  2142 | D:1      | Killed Robin
  2143 | D:1      | Reached skill level 1 in Short Blades
  2143 | D:1      | Reached skill level 1 in Long Blades
  2143 | D:1      | Reached skill level 1 in Axes
  2143 | D:1      | Reached skill level 1 in Maces & Flails
  2143 | D:1      | Reached skill level 1 in Polearms
  2143 | D:1      | Reached skill level 1 in Slings
  2143 | D:1      | Reached skill level 1 in Bows
  2143 | D:1      | Reached skill level 1 in Crossbows
  2143 | D:1      | Reached skill level 1 in Armour
  2143 | D:1      | Reached skill level 1 in Dodging
  2143 | D:1      | Reached skill level 1 in Stealth
  2143 | D:1      | Reached skill level 1 in Shields
  2143 | D:1      | Reached skill level 1 in Unarmed Combat
  2143 | D:1      | Reached XP level 4. HP: 6/34 MP: 0/11
  2416 | D:2      | Noticed Jessica
  2431 | D:2      | Killed Jessica
  2679 | D:2      | Found a faded altar of an unknown god.
  2782 | D:2      | Reached skill level 1 in Hexes
  2782 | D:2      | Reached skill level 1 in Summonings
  2782 | D:2      | Reached skill level 1 in Necromancy
  2782 | D:2      | Reached skill level 1 in Translocations
  2782 | D:2      | Reached skill level 1 in Transmutations
  2782 | D:2      | Reached skill level 1 in Ice Magic
  2782 | D:2      | Reached skill level 1 in Air Magic
  2782 | D:2      | Reached skill level 1 in Earth Magic
  2782 | D:2      | Reached skill level 1 in Poison Magic
  3529 | D:3      | Reached XP level 5. HP: 39/40 MP: 12/12
  4741 | D:4      | Noticed an ogre
  4758 | D:4      | Killed an ogre
  4759 | D:4      | Reached XP level 6. HP: 47/47 MP: 8/13
  5151 | D:4      | Found a shadowy altar of Dithmenos.
  5273 | D:4      | Reached skill level 5 in Staves
  5815 | D:4      | Reached XP level 7. HP: 50/52 MP: 11/15
  6019 | D:5      | Entered Level 5 of the Dungeon
  6333 | D:5      | Found a runed translucent gate.
  6333 | D:5      | Found a runed translucent gate.
  6336 | D:5      | Found a runed translucent gate.
  6336 | D:5      | Noticed hurston's ghost (amateur GrFi)
  6734 | D:5      | Found a sacrificial altar of Ru.
  6870 | D:5      | Reached XP level 8. HP: 48/60 MP: 16/16
  7079 | D:5      | Found a bloodstained altar of Trog.
  7194 | D:5      | Identified the +1 robe "Povyffeggan" {Drain Int+7}
  7259 | D:5      | Reached skill level 6 in Spellcasting
  7359 | D:5      | Noticed a two-headed ogre
  7867 | D:5      | Demolished by a two-headed ogre

Illustrated notes

Levels and vault maps discovered:
D:1:      wander_arrival_desolate, layout_basic, serial_shops,
          nicolae_shop_statue_plus, nicolae_shop_stone, nicolae_shop_waterfront,
          shop
D:2:      layout_loops_ring, hellmonk_ecumenical_altar_lost_god, minivault_24,
          grunt_ministairs_14, uniq_jessica, uniq_robin
D:3:      layout_basic, grunt_decor_clamped
D:4:      layout_basic, nicolae_dithmenos_shadow_blocks
D:5:      layout_basic, old_standard_altar, nicolae_ru_path_of_blood,
          biasface_ghost_orc_armoury

Skill      XL: |  1  2  3  4  5  6  7  8 |
---------------+-------------------------+-----
Conjurations   | 2 3 |  3.4
Spellcasting   | 5 6 |  6.0
Invocations    | 1 2 3 |  3.5
Short Blades   | 1 2 3 |  3.1
Long Blades    | 1 2 3 |  3.1
Axes           | 1 2 3 |  3.1
Maces & Flails | 1 2 3 |  3.1
Polearms       | 1 2 3 |  3.1
Slings         | 1 2 3 |  3.1
Bows           | 1 2 3 |  3.1
Crossbows      | 1 2 3 |  3.1
Armour         | 1 2 3 |  3.1
Dodging        | 1 2 3 |  3.1
Stealth        | 1 2 3 |  3.1
Shields        | 1 2 3 |  3.1
Unarmed Combat | 1 2 3 |  3.1
Hexes          | 1 2 |  2.5
Summonings     | 1 2 |  2.5
Necromancy     | 1 2 |  2.5
Translocations | 1 2 |  2.5
Transmutations | 1 2 |  2.5
Ice Magic      | 1 2 |  2.5
Air Magic      | 1 2 |  2.5
Earth Magic    | 1 2 |  2.5
Poison Magic   | 1 2 |  2.5
Fighting       | 3 4 |  4.1
Throwing       | 3 4 |  4.1
Evocations     | 3 4 |  4.1
Fire Magic     | 4 |  4.6
Staves         | 5 |  5.6

Action                   |  1- 3 |  4- 6 |  7- 9 || total
-------------------------+-------+-------+-------++-------
Melee: Dagger            |    53 |    63 |       ||   116
       Bite              |     3 |    12 |     4 ||    19
       Staff             |       |    36 |       ||    36
       Punch             |       |     1 |     1 ||     2
       Spear             |       |       |   122 ||   122
Throw: Dart              |     1 |       |     3 ||     4
 Cast: Magic Dart        |    78 |   108 |    48 ||   234
       Mephitic Cloud    |     1 |     2 |     6 ||     9
  Use: Scroll            |     1 |       |       ||     1
 Stab: Confused          |       |     4 |     3 ||     7
       Sleeping          |       |       |     3 ||     3
Armor: Robe              |    12 |       |       ||    12
       Animal skin       |       |    32 |    18 ||    50
Dodge: Dodged            |    62 |    80 |   119 ||   261
